 Dungeon Crawl Stone Soup version 0.15-a0-193-gf781f13 (webtiles) character file.

74598 PolkaDot the Bewitcher (level 15, -1/110 HPs)
             Began as a Vampire Enchanter on Apr 22, 2014.
             Was the Champion of Ashenzari.
             Slain by Jon2's ghost (43 damage)
             ... on Level 13 of the Dungeon.
             The game lasted 02:40:16 (25187 turns).

PolkaDot the Bewitcher (Vampire Enchanter)         Turns: 25187, Time: 02:40:16

HP  -1/110       AC 10     Str 11      XL: 15   Next:  4%
MP  10/27        EV 22     Int 17      God: Ashenzari [******]
Gold 844         SH 16     Dex 19      Spells:  7 memorised,  0 levels left

rFire  + + .     SeeInvis +     I - +5,+4 cutlass (curse)
rCold  + + .     Clarity  +     A - +3 leather armour {rF+} (curse)
rNeg   + + +     Conserve .     y - +2 buckler (curse)
rPois  +         rCorr    .     K - +0 helmet (curse)
rElec  .         rRot     +     l - +2 cloak (curse)
SustAb . .       Spirit   .     (no gloves)
rMut   +         Warding  .     (no boots)
Saprov . . .     Stasis   .     z - cursed amulet of the Magpie {rMut rF+}
MR     +....                    m - ring of invisibility
                                O - cursed +4 ring of strength

@: regenerating slowly, somewhat resistant to hostile enchantments, incredibly
stealthy
A: bottle blood, fangs 3, see invisible, unbreathing
a: Bat Form, Bottle Blood, Scrying, Transfer Knowledge, Renounce Religion, Evoke
Invisibility


You were on level 13 of the Dungeon.
You worshipped Ashenzari.
Ashenzari was exalted by your worship.
You were near bloodless.

You visited 3 branches of the dungeon, and saw 22 of its levels.
You also visited: Labyrinth, Ossuary and Ice Cave.

You collected 1230 gold pieces.
You spent 386 gold pieces at shops.

Inventory:

Hand weapons
 I - a cursed +5,+4 cutlass (weapon)
Armour
 l - a cursed +2 cloak (worn)
 y - a cursed +2 buckler (worn)
 A - a cursed +3 leather armour of fire resistance (worn)
 K - a cursed +0 helmet (worn)
Magical devices
 n - a wand of teleportation (9)
 G - a wand of heal wounds (6)
 N - a wand of teleportation (4)
Scrolls
 c - a scroll of curse weapon
 e - 3 scrolls of blinking
 g - 4 scrolls of fog
 h - a scroll of summoning
 i - a scroll of amnesia
 j - 5 scrolls of fear
 k - 6 scrolls of teleportation
 o - 8 scrolls of identify
 v - 2 scrolls of silence
Jewellery
 a - an uncursed amulet of resist corrosion
 m - a ring of invisibility (right hand)
 p - a +4 ring of intelligence
 z - the cursed amulet of the Magpie (around neck) {rMut rF+}
   (You found it on level 6 of the Dungeon)

   [amulet of resist mutation]

   It protects you from mutation.
   It protects you from fire.
   It has a curse placed upon it.
 O - a cursed +4 ring of strength (left hand)
Potions
 b - 4 potions of curing
 d - 3 potions of heal wounds
 f - a potion of brilliance
 q - a potion of haste
 t - a potion of restore abilities
 H - a potion of flight
Books
 r - a book of Death

   Spells                             Type                      Level
   Corpse Rot                         Necromancy                   2
   Sublimation of Blood               Necromancy                   2
   Agony                              Necromancy                   5
   Dispel Undead                      Necromancy                   5
   Excruciating Wounds                Charms/Necromancy            5
   Bolt of Draining                   Conjuration/Necromancy       5
 M - a book of Debilitation

   Spells                             Type                      Level
   *Corona                            Hexes                        1
   Slow                               Hexes                        2
   Inner Flame                        Hexes/Fire                   3
   *Enslavement                       Hexes                        4
   Cause Fear                         Hexes                        4
   Leda's Liquefaction                Hexes/Earth                  4


   Skills:
 + Level 7.8 Fighting
 - Level 10.0(14.3) Short Blades
 - Level 0.7 Throwing
 - Level 10.1(12.9) Dodging
 - Level 15.5(18.0) Stealth
 - Level 6.0(9.1) Shields
 - Level 2.0 Spellcasting
 - Level 20.1(22.3) Hexes
 - Level 6.2(9.3) Ice Magic
 * Level 9.4(12.3) Evocations


You couldn't memorise any spells.
You knew the following spells:

 Your Spells              Type           Power        Failure   Level  Hunger
a - Corona                Hex            ######.      0%          1    #......
b - Sure Blade            Hex/Chrm       #####.....   1%          2    ###....
c - Confuse               Hex            ######..     0%          3    ####...
d - Ensorcelled Hibernat  Hex/Ice        ######       1%          2    ###....
e - Enslavement           Hex            ######..     1%          4    #####..
f - Passwall              Trmt/Erth      #.........   61%         3    ####...
s - Dazzling Spray        Conj/Hex       #####...     1%          3    ####...


Dungeon Overview and Level Annotations

Branches:
Dungeon (13/15)            Temple (1/1) D:7             Orc (0/4) D:9
   Lair (8/8) D:10         Shoals (0/5) Lair:5       Spider (0/5) Lair:3
  Slime (0/6) Lair:6
 Vaults: D:13-14

Altars:
Ashenzari
Cheibriados
Dithmenos
Elyvilon
Fedhas
Kikubaaqudgha
Makhleb
Nemelex Xobeh
Okawaru
Sif Muna
Trog
Vehumet
Xom
Yredelemnul
Zin
The Shining One

Shops:
D:4 *   D:13 ?

Annotations:
D:13 Jon2's ghost, powerful LOBe


Innate Abilities, Weirdness & Mutations

You heal slowly.
You can bottle blood from corpses.
You have razor-sharp teeth.*
You have supernaturally acute eyesight.
You can survive without breathing.*


Message History

Press: ? - help, Shift-Dir - straight line, f/p - Jon2's ghost
Aim: Jon2's ghost Jon2's ghost easily resists.
Jon2's ghost hits you!
Casting: Confuse
Confirm with . or Enter, or press ? or * to list all spells.
Aiming: Confuse
Press: ? - help, Shift-Dir - straight line, f/p - Jon2's ghost
Aim: Jon2's ghost Jon2's ghost easily resists.
* * * LOW MAGIC WARNING * * *
Jon2's ghost hits you!
Casting: Confuse
Confirm with . or Enter, or press ? or * to list all spells.
Aiming: Confuse
Press: ? - help, Shift-Dir - straight line, f/p - Jon2's ghost
Aim: Jon2's ghost Jon2's ghost easily resists.
* * * LOW MAGIC WARNING * * *
Jon2's ghost hits you!
You die...

##### #.......'.........#
#.......'.........#
##########+#######......(..#
.................#####''####
..:.....########.'.......#
........########.#####...#
### ........#§§≈≈§##.# #...#
#.# ........#≈≈≈≈≈##.# #)..#
#.### ........#≈≈≈§*##@#
###.# #....
........#§≈§§w##p# #.# #.###
........#≈≈≈§§##u# #.####.#
........########u# #......#
.............uu..# ########
..........u......#
##################


You could see 5 ugly things, a lava worm, Jon2's ghost and a giant spore.

Vanquished Creatures
  A minotaur (Lab)
  A ravenous feature mimic (Lair:8)
  Fannar (Lair:2)
  5 hydras
  Erica (Lair:6)
  19 death yaks
  Nergalle (Lair:7)
  A centaur warrior (D:12)
  2 ice devils (IceCv)
  5 skeletal warriors (D:12)
  A deep elf knight (D:12)
  4 catoblepae
  An unseen horror (D:11)
  Pikel (D:6)
  7 hill giants
  3 manticores (D:13)
  A necromancer (IceCv)
  A black mamba (Lair:7)
  2 cyclopes (D:13)
  A feature mimic (D:12)
  9 elephants
  A gargoyle (D:12)
  6 spiny frogs
  An item mimic (D:12)
  4 trolls
  A wandering mushroom (Lair:7)
  11 komodo dragons
  A fire drake (Lair:7)
  A centaur skeleton (D:10)
  8 blink frogs
  A komodo dragon (shapeshifter) (D:13)
  Prince Ribbit (D:7)
  6 blue devils (IceCv)
  3 two-headed ogres
  4 brown oozes (Lair:6)
  4 slime creatures (D:12)
  The ghost of casual the Changer, an average OpTm (D:4)
  2 deep elf magi
  A wraith (D:11)
  A spriggan (Lair:2)
  4 basilisks
  A human (D:12)
  3 elephant slugs
  A wyvern (D:13)
  34 yaks
  A shadow (D:13)
  Grum (D:13)
  A warg (shapeshifter) (D:13)
  A hungry ghost (D:10)
  A soldier ant (D:13)
  8 hippogriffs
  7 ugly things
  Edmund (D:6)
  Menkaure (D:5)
  7 wolves
  A necrophage (D:12)
  13 porcupines
  A human skeleton (D:13)
  An orc warrior (D:13)
  18 water moccasins
  A black bear (D:6)
  15 ice beasts
  2 yellow wasps
  A sky beast (D:11)
  8 spiders (Lair:3)
  An ogre (D:11)
  4 phantoms
  18 centaurs
  2 big kobolds (D:9)
  4 boring beetles
  15 crocodiles
  17 giant frogs
  6 giant slugs
  Blork the orc (D:6)
  A cyclops zombie (D:10)
  2 scorpions
  A troll zombie (D:7)
  A cyclops skeleton (D:12)
  A water moccasin skeleton (D:7)
  10 killer bees (D:9)
  9 hounds
  15 wights
  4 crimson imps
  14 bog bodies (Ossuary)
  A giant frog zombie (Ossuary)
  2 draconian simulacra (IceCv)
  2 goliath beetles
  A quasit (D:9)
  7 orc priests
  3 giant frog skeletons
  Crazy Yiuf (D:3)
  A two-headed ogre skeleton (D:10)
  3 jellies
  8 worker ants
  7 iguanas
  9 orc wizards
  A spriggan simulacrum (IceCv)
  3 troll simulacra (IceCv)
  2 centaur simulacra (IceCv)
  13 sheep
  An ogre zombie (D:10)
  Ijyb (D:4)
  A big kobold skeleton (D:5)
  8 mummies (Ossuary)
  A worker ant zombie (D:9)
  4 gnolls (D:9)
  An ogre simulacrum (IceCv)
  24 adders
  A naga simulacrum (IceCv)
  3 orc skeletons
  A worm zombie (Ossuary)
  A gnoll zombie (D:5)
  63 green rats
  2 shadow imps
  6 worms
  3 giant mites
  A goliath beetle zombie (D:5)
  An iguana skeleton (D:4)
  8 giant geckos
  An ooze (D:2)
  32 orcs
  A ball python (D:5)
  2 bat zombies
  4 giant cockroaches
  7 goblins
  11 hobgoblins
  35 jackals
  25 kobolds
  19 bats
  A giant gecko zombie (Ossuary)
  4 giant newts
  A gnoll skeleton (D:7)
  A hobgoblin zombie (D:5)
  A jackal zombie (D:7)
  3 kobold zombies
  17 quokkas
  2 quokka zombies
  21 rats
  A rat skeleton (D:7)
  A rat zombie (Ossuary)
  2 butterflies (Lair:8)
  A fungus (D:3)
773 creatures vanquished.

Vanquished Creatures (collateral kills)
  A crimson imp (D:11)
  A quasit (D:11)
  A shadow imp (D:11)
3 creatures vanquished.

Vanquished Creatures (others)
  A slave (D:6)
  An orc wizard (D:6)
  A mummy (D:6)
  A giant eyeball (D:6)
  A giant cockroach (D:6)
  2 rats (D:6)
  6 fungi
  5 plants
18 creatures vanquished.

Grand Total: 794 creatures vanquished

Notes
Turn   | Place    | Note
--------------------------------------------------------------
     0 | D:1      | PolkaDot, the Vampire Enchanter, began the quest for the Orb.
     0 | D:1      | Reached XP level 1. HP: 13/13 MP: 3/3
     0 | D:1      | Noticed a draconian zombie
     0 | D:1      | Noticed a merfolk zombie
     3 | D:1      | Noticed a centaur zombie
     5 | D:1      | Noticed an octopode zombie
     6 | D:1      | Noticed a minotaur zombie
     8 | D:1      | Noticed a merfolk zombie
    13 | D:1      | Noticed a minotaur zombie
    14 | D:1      | Noticed a human zombie
    16 | D:1      | Noticed an elf zombie
    16 | D:1      | Noticed a centaur zombie
    18 | D:1      | Noticed a spriggan zombie
    18 | D:1      | Noticed a troll zombie
    19 | D:1      | Noticed a troll zombie
   655 | D:2      | Reached XP level 2. HP: 10/19 MP: 4/4
   668 | D:2      | Learned a level 2 spell: Ensorcelled Hibernation
   789 | D:2      | Reached skill level 5 in Hexes
   928 | D:2      | Reached XP level 3. HP: 24/24 MP: 0/6
  1110 | D:2      | Found a sparkling altar of Nemelex Xobeh.
  1706 | D:3      | Found a glowing silver altar of Zin.
  1706 | D:3      | Noticed an angel
  1770 | D:3      | Reached skill level 1 in Ice Magic
  1790 | D:3      | Reached XP level 4. HP: 27/30 MP: 7/7
  1953 | D:3      | Learned a level 3 spell: Confuse
  2010 | D:3      | Found a glowing silver altar of Zin.
  2068 | D:3      | Noticed a centaur
  2076 | D:3      | Killed a centaur
  2076 | D:3      | Reached skill level 6 in Hexes
  2076 | D:3      | Reached XP level 5. HP: 29/35 MP: 6/9
  2262 | D:3      | Noticed Crazy Yiuf
  2271 | D:3      | Killed Crazy Yiuf
  2754 | D:4      | Reached XP level 6. HP: 29/41 MP: 10/10
  3050 | D:4      | Noticed casual's ghost (average OpTm)
  3078 | D:4      | Killed casual's ghost
  3078 | D:4      | Reached skill level 5 in Short Blades
  3078 | D:4      | Reached skill level 7 in Hexes
  3088 | D:4      | Found Phosch's Assorted Antiques.
  3138 | D:4      | Bought a scroll labeled VIYCVEDIOS for 29 gold pieces
  3138 | D:4      | Bought a scroll labeled XISEUR CUHALUT for 29 gold pieces
  3138 | D:4      | Bought a scroll labeled JEHEGE HIOMEP for 29 gold pieces
  3190 | D:4      | Reached XP level 7. HP: 46/46 MP: 4/12
  3282 | D:4      | Noticed Ijyb
  3291 | D:4      | Killed Ijyb
  3397 | D:5      | Entered Level 5 of the Dungeon
  3448 | D:6      | Noticed Pikel
  3462 | D:6      | Killed Pikel
  3462 | D:6      | Reached skill level 8 in Hexes
  3462 | D:6      | Reached XP level 8. HP: 52/52 MP: 13/13
  3639 | D:6      | Noticed Blork the orc
  3670 | D:6      | Killed Blork the orc
  3696 | D:6      | Learned a level 4 spell: Enslavement
  3714 | D:6      | Reached skill level 5 in Ice Magic
  3734 | D:6      | Got a twitching silver amulet
  3735 | D:6      | Identified the amulet of the Magpie {rMut rF+} (You found it on level 6 of the Dungeon)
  3988 | D:6      | Reached skill level 9 in Hexes
  4203 | D:6      | Noticed Edmund
  4208 | D:6      | Killed Edmund
  4536 | D:7      | Reached XP level 9. HP: 57/57 MP: 1/14
  4742 | D:7      | Noticed Prince Ribbit
  4754 | D:7      | Killed Prince Ribbit
  4776 | D:7      | Found a staircase to the Ecumenical Temple.
  4792 | Temple   | Entered the Ecumenical Temple
  4850 | Temple   | Became a worshipper of Ashenzari the Shackled
  5182 | D:5      | Reached skill level 10 in Hexes
  5262 | D:4      | Bought an encrusted glass ring for 145 gold pieces
  5431 | D:5      | Noticed Menkaure
  5434 | D:5      | Killed Menkaure
  5850 | D:7      | Reached skill level 10 in Short Blades
  6211 | D:8      | Found a sand-covered staircase.
  6223 | Ossuary  | Entered an ossuary
  6389 | Ossuary  | Reached skill level 11 in Hexes
  6669 | Ossuary  | Reached skill level 5 in Stealth
  7402 | D:8      | Acquired Ashenzari's first power
  7449 | D:8      | Found a shadowy altar of Dithmenos.
  7463 | D:8      | Reached skill level 12 in Hexes
  7463 | D:8      | Reached XP level 10. HP: 44/63 MP: 5/16
  8150 | D:9      | Reached skill level 13 in Hexes
  8514 | D:9      | Reached skill level 5 in Dodging
  8559 | D:9      | Found a staircase to the Orcish Mines.
  8865 | D:9      | Learned a level 3 spell: Dazzling Spray
  9232 | D:10     | Entered Level 10 of the Dungeon
  9286 | D:10     | Noticed a hill giant
  9302 | D:10     | Killed a hill giant
  9302 | D:10     | Reached skill level 14 in Hexes
  9417 | D:10     | Found a staircase to the Lair.
  9640 | D:10     | Acquired Ashenzari's second power
  9706 | D:10     | Reached XP level 11. HP: 64/68 MP: 11/17
 10055 | D:11     | Found a labyrinth entrance.
 10059 | D:11     | Noticed a hill giant
 10068 | Lab      | Entered a labyrinth
 10272 | Lab      | Noticed a minotaur
 10274 | Lab      | Killed a minotaur
 10274 | Lab      | Identified the +6 blowgun "Motoesch Rovo" {speed, Int+1} (You took it off a minotaur in a labyrinth)
 10274 | Lab      | Reached skill level 15 in Hexes
 10284 | Lab      | Identified the Reference Book on the Traveller
 10290 | D:11     | Killed a hill giant
 10320 | D:11     | Reached skill level 10 in Stealth
 10476 | D:11     | Noticed an unseen horror
 10485 | D:11     | Killed an unseen horror
 10974 | D:11     | Noticed a hill giant
 10978 | D:11     | Killed a hill giant
 10978 | D:11     | Reached skill level 16 in Hexes
 11350 | Lair:1   | Entered Level 1 of the Lair of Beasts
 12015 | Lair:1   | Identified the +6,+5 scythe "Xiewuvi" {antimagic, MR+ SInv}
 12363 | Lair:2   | Noticed Fannar
 12410 | Lair:2   | Killed Fannar
 12504 | Lair:2   | Reached XP level 12. HP: 45/74 MP: 13/18
 12506 | Lair:2   | Reached skill level 17 in Hexes
 12643 | Lair:2   | Acquired Ashenzari's third power
 12862 | Lair:2   | Learned a level 2 spell: Sure Blade
 13414 | Lair:3   | Found a frozen archway.
 13439 | Lair:3   | Reached skill level 18 in Hexes
 13469 | IceCv    | Entered an ice cave
 14294 | IceCv    | Identified the +3 robe of Juosk {rPois SInv}
 15126 | Lair:3   | Identified the +7,+7 flail of the Skies Above {freeze, MR++}
 15226 | Lair:3   | Found a hole to the Spider Nest.
 15240 | Lair:3   | Reached skill level 10 in Dodging
 16023 | Lair:4   | Reached skill level 1 in Shields
 16207 | Lair:4   | Acquired Ashenzari's fourth power
 16604 | Lair:4   | Reached XP level 13. HP: 73/79 MP: 8/19
 16607 | Lair:4   | Reached skill level 19 in Hexes
 17333 | Lair:5   | Found a staircase to the Shoals.
 18185 | Lair:6   | Noticed Erica
 18195 | Lair:6   | Killed Erica
 18216 | Lair:6   | Found a staircase to the Slime Pits.
 18692 | Lair:6   | Reached skill level 5 in Shields
 19268 | Lair:7   | Noticed Nergalle
 19271 | Lair:7   | Killed Nergalle
 19814 | Lair:7   | Reached skill level 1 in Fighting
 20117 | Lair:7   | Reached skill level 15 in Stealth
 21012 | Lair:8   | Entered Level 8 of the Lair of Beasts
 21022 | Lair:8   | Reached skill level 20 in Hexes
 21445 | Lair:8   | Reached XP level 14. HP: 95/95 MP: 1/20
 21635 | Lair:8   | Reached skill level 1 in Evocations
 22121 | Lair:8   | Reached skill level 5 in Fighting
 22500 | Lair:8   | Reached skill level 5 in Evocations
 24414 | D:13     | Noticed Grum
 24474 | D:13     | Killed Grum
 24681 | D:13     | Found Yssyzxoe's Magic Scroll Boutique.
 24765 | D:13     | Found a bloodstained altar of Trog.
 24779 | D:13     | Reached XP level 15. HP: 106/110 MP: 19/27
 24822 | D:13     | Bought a scroll of enchant weapon II for 77 gold pieces
 24822 | D:13     | Bought a scroll of enchant weapon II for 77 gold pieces
 24941 | D:13     | Learned a level 3 spell: Passwall
 25151 | D:13     | Noticed Jon2's ghost (powerful LOBe)
 25187 | D:13     | Slain by Jon2's ghost

Action                   |  1- 3 |  4- 6 |  7- 9 | 10-12 | 13-15 || total
-------------------------+-------+-------+-------+-------+-------++-------
Melee: Dagger            |   147 |   185 |   484 |   369 |       ||  1185
       Cutlass           |       |       |       |   394 |   803 ||  1197
 Cast: Corona            |     2 |       |     1 |     4 |     6 ||    13
       Ensorcelled Hiber |    16 |    21 |    52 |   235 |   160 ||   484
       Confuse           |       |     2 |    45 |    38 |    13 ||    98
       Dazzling Spray    |       |       |       |    21 |    74 ||    95
 Abil: Bottle Blood      |       |     4 |    18 |       |       ||    22
       End Transformatio |       |       |     3 |       |       ||     3
       Bat Form          |       |       |     3 |       |       ||     3
       Evoke Invisibilit |       |       |       |       |    12 ||    12
Evoke: Wand              |       |       |       |     4 |     2 ||     6
  Use: Potion            |     2 |    11 |    33 |    18 |     4 ||    68
       Scroll            |       |       |    24 |    26 |    12 ||    62
 Stab: Sleeping          |    17 |    13 |    51 |   217 |   177 ||   475
       Invisible         |     1 |       |     1 |    25 |    82 ||   109
       Confused          |       |     3 |    27 |    20 |       ||    50
       Distracted        |       |       |       |     2 |     2 ||     4
       Petrifying        |       |       |       |     2 |       ||     2
